Map: Golden Wall LE

Players

AGOElazer (Elazer)

  • Race: Zerg Zerg
  • League: Master
  • Spawn Location: 5:00

HeroMarine - Winner!

  • Race: Terran Terran
  • League: Master
  • Spawn Location: 7:00

Event: DreamHack SC2 Masters 2020 Fall

VOD

Have the link to the VOD?

Description

Time

  • Played on: Sept. 4, 2020, 12:26 p.m.
  • Length: 11:51

All games in this series

Show
View Real Time Build Order
Export as new Build Order

AGOElazer Zerg 

Build Orders: Hatch First 

Get SALT Encoding   

  12  0:00  Drone  
  13  0:12  Overlord  
  13  0:17  Drone  
  14  0:30  Drone x2  
  16  0:48  Hatchery  
  15  0:51  Drone  
  15  0:55  Drone  
  17  0:58  Drone  
  18  1:08  Extractor  
  17  1:14  Spawning Pool  
  17  1:17  Drone  
  17  1:20  Drone  
  18  1:28  Drone  
  19  1:38  Drone  
  20  1:49  Drone  
  21  2:00  Queen x2  
  21  2:01  Overlord, Zergling x2  
  26  2:12  Metabolic Boost, Zergling x2  
  26  2:13  Drone  
  29  2:22  Drone  
  29  2:23  Drone  
  30  2:32  Drone  
  30  2:33  Drone  
  30  2:36  Queen  
  34  2:43  Overlord  
  34  2:44  Drone  
  34  2:49  Lair  
  35  2:57  Drone, Overlord  
  36  3:06  Drone x2  
  36  3:10  Extractor  
  36  3:11  Drone x3  
  40  3:13  Drone x2  
  40  3:16  Drone  
  43  3:22  Drone x2  
  45  3:30  Drone  
  46  3:36  Spine Crawler  
  46  3:37  Drone  
  46  3:40  Drone x3  
  49  3:44  Drone x2  
  49  3:46  Drone  
  49  3:48  Infestation Pit  
  50  3:49  Drone  
  50  3:51  Extractor x2  
  50  3:54  Overlord  
  49  3:56  Drone  
  49  3:59  Drone  
  51  4:09  Roach Warren  
  50  4:12  Queen  
  50  4:13  Drone x2  
  50  4:14  Drone  
  50  4:15  Overlord  
  55  4:25  Nydus Network  
  55  4:26  Zergling x6  
  55  4:28  Zergling x4  
  55  4:31  Zergling x2  
  59  4:34  Overlord  
  65  4:49  Overlord  
  65  4:57  Overlord  
  74  5:01  Nydus Canal  
  74  5:05  Overlord  
  67  5:22  Roach  
  67  5:23  Roach x5  
  79  5:29  Nydus Canal  
  79  5:31  Roach x2  
  83  5:48  Nydus Canal  
  81  5:50  Roach x4  
  87  6:03  Nydus Canal  
  83  6:08  Roach x2  
  78  6:13  Queen x2  
  78  6:18  Roach x2  
  82  6:22  Roach x2  
  84  6:30  Glial Reconstitution  
  82  6:35  Roach x2  
  82  6:45  Roach x2  
  80  6:48  Nydus Canal  
  80  6:52  Queen x2  
  80  6:53  Roach  
  80  6:54  Roach  
  76  7:05  Roach x2  
  82  7:22  Overlord  
  85  7:28  Roach x2  
  92  7:34  Overlord x2  
  92  7:39  Queen  
  94  7:56  Nydus Canal  
  94  7:57  Roach x5  
  104  8:05  Overseer  
  104  8:08  Drone  
  104  8:10  Drone  
  106  8:13  Drone  
  106  8:14  Drone  
  106  8:19  Hatchery  
  107  8:24  Drone x5  
  112  8:41  Drone  
  113  8:42  Overlord  
  114  8:48  Hatchery  
  114  8:55  Roach  
  115  8:56  Overlord  
  115  8:58  Evolution Chamber x2, Nydus Canal  
  113  9:13  Overlord  
  115  9:17  Roach x5  
  123  9:25  Zerg Ground Armor Level 1, Zerg Missile Weapons Level 1  
  123  9:30  Overlord  
  123  9:35  Tunneling Claws  
  123  9:36  Burrow, Overlord  
  123  9:39  Roach  
  123  9:45  Nydus Canal  
  125  9:49  Roach x2  
  125  9:51  Hatchery  
  128  9:56  Overlord  
  128  10:06  Roach x4  
  136  10:14  Overlord  
  136  10:25  Roach x2  
  140  10:33  Roach x2  
  144  10:42  Roach x17  
  152  10:48  Roach x4  
  160  10:50  Ravager  
  160  10:51  Ravager x3  
  160  10:56  Overlord  
  164  11:03  Roach x2  
  153  11:12  Roach x2  
  150  11:21  Roach x3  
  120  11:30  Roach x3  
  99  11:39  Nydus Canal  
Show
View Real Time Build Order
Export as new Build Order

HeroMarine Terran - Winner!

Build Orders:  

Get SALT Encoding   

  12  0:00  SCV  
  13  0:12  SCV  
  14  0:17  Supply Depot  
  14  0:24  SCV  
  15  0:39  SCV  
  15  0:41  Barracks  
  16  0:44  Refinery  
  16  0:51  SCV  
  17  1:03  SCV  
  18  1:15  SCV  
  19  1:28  Orbital Command  
  20  1:33  Barracks Reactor  
  19  1:40  Command Center  
  19  1:47  Supply Depot  
  20  1:54  SCV  
  20  2:03  Factory  
  20  2:06  SCV  
  21  2:10  Marine x2  
  23  2:18  SCV  
  24  2:27  Marine x2  
  26  2:30  SCV  
  27  2:42  SCV  
  28  2:47  Starport  
  28  2:53  Orbital Command, Hellion x2  
  28  2:54  SCV  
  28  2:56  Marine  
  34  3:04  Supply Depot  
  34  3:06  SCV  
  35  3:14  Hellion x2  
  35  3:15  Marine  
  35  3:19  SCV x2  
  42  3:24  Medivac  
  44  3:28  Supply Depot  
  44  3:31  SCV  
  44  3:33  SCV  
  46  3:35  Marine  
  51  3:43  SCV  
  51  3:45  SCV  
  53  3:50  Command Center  
  53  3:54  Barracks Tech Lab  
  49  3:57  Refinery x2  
  49  3:58  SCV  
  49  3:59  SCV  
  51  4:08  Supply Depot  
  51  4:10  SCV  
  51  4:11  SCV  
  51  4:13  Barracks  
  53  4:18  Barracks  
  53  4:20  Factory Reactor  
  53  4:22  SCV  
  53  4:23  SCV  
  55  4:27  Marine  
  55  4:28  Stimpack  
  56  4:34  SCV, Supply Depot  
  56  4:35  SCV  
  58  4:45  Marine  
  59  4:46  SCV  
  59  4:47  SCV  
  59  4:48  Starport Reactor  
  59  4:50  Engineering Bay  
  59  4:52  Bunker, Viking  
  65  5:04  Marine x2  
  65  5:06  Orbital Command  
  66  5:08  Marine  
  66  5:10  SCV x2  
  66  5:11  Factory Reactor  
  68  5:20  Bunker, Marine  
  68  5:21  Marine  
  68  5:22  SCV, Marine x2  
  68  5:23  SCV  
  68  5:25  Marine  
  73  5:28  Terran Infantry Weapons Level 1  
  73  5:33  SCV  
  73  5:34  SCV  
  75  5:35  SCV  
  75  5:38  Marine x2  
  75  5:40  Marine x2  
  77  5:43  Marine  
  77  5:45  SCV  
  70  5:50  SCV x2  
  70  5:56  Medivac, Marine x2  
  69  6:01  Marine x2  
  69  6:02  Medivac, SCV, Marine  
  71  6:06  SCV  
  71  6:07  SCV  
  59  6:14  Marine x2  
  53  6:18  Marine x2  
  53  6:20  Marine  
  55  6:28  SCV  
  55  6:29  SCV  
  55  6:32  Marine x2  
  59  6:36  Marine x2  
  54  6:41  SCV  
  54  6:44  SCV  
  51  6:49  Marine  
  51  6:50  Marine  
  51  6:51  Marine  
  51  6:53  Siege Tank  
  52  6:54  Marine x2  
  52  6:56  SCV  
  52  7:07  Marine x2  
  55  7:08  Marine  
  55  7:12  Marine x2  
  55  7:14  Viking  
  55  7:15  Bunker  
  58  7:16  SCV  
  58  7:19  SCV x2  
  61  7:25  Siege Tank, Marine  
  61  7:29  SCV  
  66  7:31  SCV x2  
  66  7:36  Marine  
  69  7:37  Barracks Tech Lab  
  69  7:39  Marine  
  69  7:40  Marine  
  69  7:41  SCV  
  69  7:43  SCV, Marine  
  74  7:44  SCV  
  75  7:53  SCV  
  75  7:54  Marine  
  75  7:55  SCV  
  75  7:56  SCV  
  75  7:57  Marine  
  80  7:59  Starport Reactor  
  80  8:00  Marine  
  80  8:05  SCV  
  81  8:07  SCV  
  81  8:08  SCV, Marine x2  
  81  8:10  Combat Shield  
  81  8:11  Siege Tank, Marine  
  89  8:15  Marine  
  89  8:17  SCV  
  89  8:18  Marine  
  89  8:19  SCV  
  93  8:25  Terran Infantry Armor Level 1  
  93  8:31  Supply Depot, Marine x3  
  93  8:33  Marine  
  97  8:34  SCV x2  
  97  8:36  Medivac  
  101  8:47  Marine  
  101  8:48  Medivac  
  103  8:49  Marine x2  
  103  8:53  Marine x2  
  106  8:57  Siege Tank  
  109  9:05  Marine  
  109  9:06  Marine x2  
  110  9:11  Marine x2  
  112  9:18  Medivac  
  112  9:21  Medivac  
  112  9:22  Refinery  
  112  9:23  Marine  
  117  9:25  Supply Depot  
  117  9:28  Marine  
  117  9:30  Marine  
  117  9:46  Marine x4  
  117  9:47  Siege Tank, Marine  
  125  9:54  SCV x3  
  127  10:04  Marine x4  
  127  10:05  Marine  
  127  10:06  SCV  
  133  10:10  Medivac x2, Supply Depot  
  137  10:19  Siege Tank  
  140  10:22  Marine  
  141  10:31  Marine x4  
  141  10:33  Supply Depot  
  145  10:40  Marine  
  146  10:49  Marine x3  
  149  10:54  Orbital Command, Marine  
  149  10:55  Siege Tank, SCV x2  
  155  10:57  Supply Depot  
  155  10:58  Marine  
  155  11:00  Medivac  
  155  11:01  Barracks  
  155  11:02  Medivac, Barracks  
  160  11:07  SCV, Marine x3  
  160  11:10  SCV  
  161  11:12  Marine  
  161  11:15  Marine  
  154  11:19  SCV  
  154  11:22  SCV  
  154  11:25  Marine x3  
  133  11:26  SCV  
  133  11:30  Marine  
  130  11:33  Marine  

Tags
 
Add a new tag
Caveats
  • Supply blocks, unpowered buildings, or Contaminate may cause inaccurate times.
  • Supply counts are checked every 10 seconds.